 Dungeon Crawl Stone Soup version 0.27.1-1-g398f81649c (webtiles) character file.

Game seed: 18071136811038613956

413 MisterFreud the Covert (level 6, 0/53 HPs)
             Began as a Gnoll Delver on Sept 10, 2021.
             Was a Believer of Zin.
             Succumbed to a scorpion's poison
             ... on level 5 of the Dungeon.
             The game lasted 00:06:57 (4187 turns).

MisterFreud the Covert (Gnoll Delver)               Turns: 4187, Time: 00:06:58

Health: 0/53       AC:  3    Str: 11    XL:     6   Next: 90%
Magic:  9/9        EV: 13    Int: 11    God:    Zin [**....]
Gold:   125        SH:  0    Dex: 14    Spells: 9/9 levels left

rFire    . . .     SeeInvis .   a - +0 short sword
rCold    . . .     Faith    .   (no shield)
rNeg     . . .     Spirit   .   b - +0 leather armour
rPois    .         Reflect  .   (no helmet)
rElec    .         Harm     .   (no cloak)
rCorr    +         Rampage  .   (no gloves)
Will     +....                  (no boots)
Stlth    ++++......             (no amulet)
HPRegen  0.17/turn              h - ring of willpower
MPRegen  0.11/turn              m - ring of resist corrosion

@: lethally poisoned (0 -> -15)
A: fangs 1, strong nose, distributed training
a: Renounce Religion, Recite, Vitalisation, Donate Gold


You were on level 5 of the Dungeon.
You worshipped Zin.
Zin was pleased with you.
You visited 1 branch of the dungeon, and saw 5 of its levels.

You collected 228 gold pieces.
You spent 90 gold pieces at shops.
You donated 13 gold pieces to Zin.

Inventory:

Hand Weapons
 a - a +0 short sword (weapon)
Missiles
 q - 4 atropa-tipped darts (quivered)
Armour
 b - a +0 leather armour (worn)
Jewellery
 h - a ring of willpower (left hand)
 m - a ring of resist corrosion (right hand)
Wands
 g - a wand of digging (3)
Scrolls
 c - 2 scrolls of fog
 d - a scroll of magic mapping
 e - 3 scrolls of fear
 o - a scroll of blinking


   Skills:
 + Level 6.9 Fighting
 + Level 5.1 Short Blades
 + Level 2.1 Long Blades
 + Level 2.1 Axes
 + Level 2.1 Maces & Flails
 + Level 2.1 Polearms
 + Level 2.1 Staves
 + Level 2.1 Slings
 + Level 2.1 Bows
 + Level 2.1 Crossbows
 + Level 2.1 Throwing
 + Level 2.1 Armour
 + Level 5.1 Dodging
 + Level 9.8 Stealth
 + Level 2.1 Shields
 + Level 2.1 Unarmed Combat
 + Level 2.1 Spellcasting
 + Level 1.7 Conjurations
 + Level 1.7 Hexes
 + Level 1.7 Summonings
 + Level 1.7 Necromancy
 + Level 1.7 Translocations
 + Level 1.7 Transmutations
 + Level 1.7 Fire Magic
 + Level 1.7 Ice Magic
 + Level 1.7 Air Magic
 + Level 1.7 Earth Magic
 + Level 1.7 Poison Magic
 + Level 2.4 Invocations
 + Level 2.1 Evocations


You had 9 spell levels left.
You didn't know any spells.
Your spell library contained the following spells:

 Spells                   Type           Power      Damage    Failure   Level
 Beastly Appendage        Tmut           10%        N/A       19%         1
 Wereblood                Tmut           5%         N/A       28%         2
 Spider Form              Tmut/Pois      2%         N/A       50%         3


Dungeon Overview and Level Annotations

Branches:
Dungeon (5/15)
 Temple: D:4-7

Altars:
Cheibriados
Dithmenos
Nemelex Xobeh
Qazlal
Zin

Shops:
D:1 (   D:2 [(?   D:4 [


Innate Abilities, Weirdness & Mutations

You have very sharp teeth.
Your uncanny sense of smell can sniff out nearby items.
Your experience applies equally to all skills.


Message History

The scorpion is severely wounded.
* * * LOW HITPOINT WARNING * * *
You feel very sick. The scorpion stings you.
* * * LOW HITPOINT WARNING * * *
Unknown command.
It was a potion of ambrosia.
You are confused.
You feel invigorated.
* * * LOW HITPOINT WARNING * * *
You feel very sick. The scorpion stings you.
* * * LOW HITPOINT WARNING * * *
Okay, then.
Unknown command.
* * * LOW HITPOINT WARNING * * *
You feel sick. The scorpion barely misses you.
You feel less invigorated.
You feel less confused.
You feel sick.
It was a potion of flight.
You feel very buoyant.
You fly up into the air.
You feel sick. The scorpion closely misses you.
It was a potion of magic.
Magic courses through your body.
You feel sick. The scorpion stings you.
* * * LOW HITPOINT WARNING * * *
You are more poisoned.
The scorpion poisons you!
It was a potion of cancellation.
Your magical effects are unravelling.
You feel magically purged.
You float gracefully downwards.
Zin protects you from harm! The scorpion barely misses you.
You aren't carrying any potions.
Unknown command.
Unknown command.
Unknown command.
You hit the scorpion.
The scorpion is almost dead.
You die...

...## #.# #.##
#.## .#..#
#.###..###.##
###.#
##...†.......#
#.#
##.............#
#.#
#...............#
#.##
#...............#
#..#
#...............#
###.###
#...............#
#.....#
#.....@.........#
#.....#
#.....s.........#
##.....#
##......)......
.......#
##.....#.....
##.....#
##########..
##.....### .
..........
##########


You could see a scorpion.

Vanquished Creatures
  A water moccasin (D:5)
  A black bear (D:5)
  A howler monkey (D:3)
  An orc priest (D:5)
  An orc wizard (D:5)
  Robin (D:4)
  3 adders
  A dart slug (D:3)
  An orc (D:5)
  5 ball pythons
  3 bats
  9 endoplasms
  8 giant cockroaches
  18 goblins
  3 hobgoblins
  4 jackals (D:1)
  4 kobolds
  7 quokkas
  6 frilled lizards
  7 rats
85 creatures vanquished.

Notes
Turn   | Place    | Note
-------+----------+-------------------------------------------
     0 | D:5      | Reached skill level 9 in Stealth
     0 | D:5      | MisterFreud the Gnoll Delver began the quest for the Orb.
     0 | D:5      | Reached XP level 1. HP: 23/23 MP: 1/1
     2 | D:5      | Noticed a black bear
     9 | D:5      | Killed a black bear
    10 | D:5      | Reached skill level 1 in Long Blades
    10 | D:5      | Reached skill level 1 in Axes
    10 | D:5      | Reached skill level 1 in Maces & Flails
    10 | D:5      | Reached skill level 1 in Polearms
    10 | D:5      | Reached skill level 1 in Staves
    10 | D:5      | Reached skill level 1 in Slings
    10 | D:5      | Reached skill level 1 in Bows
    10 | D:5      | Reached skill level 1 in Crossbows
    10 | D:5      | Reached skill level 1 in Throwing
    10 | D:5      | Reached skill level 1 in Armour
    10 | D:5      | Reached skill level 1 in Shields
    10 | D:5      | Reached skill level 1 in Unarmed Combat
    10 | D:5      | Reached skill level 1 in Spellcasting
    10 | D:5      | Reached skill level 1 in Conjurations
    10 | D:5      | Reached skill level 1 in Hexes
    10 | D:5      | Reached skill level 1 in Summonings
    10 | D:5      | Reached skill level 1 in Necromancy
    10 | D:5      | Reached skill level 1 in Translocations
    10 | D:5      | Reached skill level 1 in Transmutations
    10 | D:5      | Reached skill level 1 in Fire Magic
    10 | D:5      | Reached skill level 1 in Ice Magic
    10 | D:5      | Reached skill level 1 in Air Magic
    10 | D:5      | Reached skill level 1 in Earth Magic
    10 | D:5      | Reached skill level 1 in Poison Magic
    10 | D:5      | Reached skill level 1 in Invocations
    10 | D:5      | Reached skill level 1 in Evocations
    10 | D:5      | Reached XP level 2. HP: 29/29 MP: 1/3
    10 | D:5      | Reached XP level 3. HP: 35/35 MP: 1/4
    10 | D:5      | Reached XP level 4. HP: 41/41 MP: 1/5
    77 | D:3      | Found a faded altar of an unknown god.
   104 | D:1      | Found a runed translucent door.
   268 | D:1      | Reached XP level 5. HP: 23/47 MP: 6/6
   612 | D:1      | Found Neprant's Antique Weapon Shoppe.
  1954 | D:2      | Found Ugrirer's Magic Scroll Boutique.
  1962 | D:2      | Bought a scroll of blinking for 90 gold pieces
  2122 | D:3      | Became a worshipper of Zin the Law-Giver
  2122 | D:3      | Reached * piety under Zin
  2316 | D:3      | Found a sparkling altar of Nemelex Xobeh.
  2316 | D:3      | Found a shadowy altar of Dithmenos.
  2318 | D:3      | Found a stormy altar of Qazlal.
  2319 | D:3      | Found a snail-covered altar of Cheibriados.
  2610 | D:3      | Reached XP level 6. HP: 51/53 MP: 8/8
  2692 | D:3      | Reached ** piety under Zin
  2832 | D:2      | Found Ticopam's Armour Boutique.
  2878 | D:2      | Found Xoucren's Weapon Shoppe.
  2901 | D:2      | You fall into a shaft and drop 2 floors!
  2905 | D:4      | Noticed Robin
  2906 | D:4      | Noticed a necrophage
  2962 | D:4      | HP: 1/51 [necrophage (2)]
  3605 | D:4      | Found Qiorust's Antique Armour Boutique.
  3618 | D:5      | Reached skill level 5 in Short Blades
  3618 | D:5      | Reached skill level 5 in Dodging
  3655 | D:4      | Killed Robin
  4148 | D:5      | Noticed a water moccasin
  4154 | D:5      | Killed a water moccasin
  4185 | D:5      | HP: 2/53 [scorpion (6)]
  4186 | D:5      | Zin protects you from harm!
  4187 | D:5      | Succumbed to a scorpion's poison

Illustrated notes

Levels and vault maps discovered:
D:1:      dpeg_arrival_caged_fury, layout_loops_ring, serial_shops, shop
D:2:      layout_basic, serial_shops, shop, nicolae_square_shop,
          nicolae_shop_behind_doors, shop, nicolae_shop_crystal,
          hangedman_decor_opposing, hangedman_abyss_or_decor_lesser_grid
D:3:      layout_basic, mainiacjoe_overflow_alcove_3, basic_ecumenical_altar,
          serial_park_tiny_1, minmay_puff
D:4:      layout_cave_pools, fedhas_altar_4, biasface_ghost_orc_armoury,
          serial_shops, shop_statue, uniq_robin
D:5:      layout_rooms, chequers_serial_rivers_marsh

Skill      XL: |  1  2  3  4  5  6 |
---------------+-------------------+-----
Stealth        | |  9.8
Long Blades    | 1 2 |  2.1
Axes           | 1 2 |  2.1
Maces & Flails | 1 2 |  2.1
Polearms       | 1 2 |  2.1
Staves         | 1 2 |  2.1
Slings         | 1 2 |  2.1
Bows           | 1 2 |  2.1
Crossbows      | 1 2 |  2.1
Throwing       | 1 2 |  2.1
Armour         | 1 2 |  2.1
Shields        | 1 2 |  2.1
Unarmed Combat | 1 2 |  2.1
Spellcasting   | 1 2 |  2.1
Conjurations   | 1 |  1.7
Hexes          | 1 |  1.7
Summonings     | 1 |  1.7
Necromancy     | 1 |  1.7
Translocations | 1 |  1.7
Transmutations | 1 |  1.7
Fire Magic     | 1 |  1.7
Ice Magic      | 1 |  1.7
Air Magic      | 1 |  1.7
Earth Magic    | 1 |  1.7
Poison Magic   | 1 |  1.7
Invocations    | 1 2 |  2.4
Evocations     | 1 2 |  2.1
Short Blades   | 5 |  5.1
Dodging        | 5 |  5.1
Fighting       | |  6.9

Action                   |  1- 3 |  4- 6 || total
-------------------------+-------+-------++-------
Melee: Short sword       |     1 |   304 ||   305
       Bite              |       |    22 ||    22
       Punch             |       |     1 ||     1
Invok: Recite            |       |     3 ||     3
  Use: Potion            |       |     5 ||     5
       Scroll            |       |     2 ||     2
 Stab: Sleeping          |     1 |    21 ||    22
       Confused          |       |     1 ||     1
Armor: Leather armour    |       |    76 ||    76
Dodge: Dodged            |       |   232 ||   232
